 Dungeon Crawl Stone Soup version 0.19.0-22-gd96e5fe (webtiles) character file.

224945 Miant the Executioner (level 18, -4/166 HPs)
             Began as a Minotaur Fighter on Nov 17, 2016.
             Was the Champion of Trog.
             Slain by a spriggan defender
             ... wielding a +6 demon whip of draining
             ... led by the Enchantress
              (9 damage)
             ... on level 1 of the Depths on Nov 18, 2016.
             The game lasted 09:16:04 (36441 turns).

Miant the Executioner (Minotaur Fighter)           Turns: 36441, Time: 09:16:05

Health: -4/166     AC: 29    Str: 33    XL:     18   Next: 17%
Magic:  0/33       EV:  7    Int:  5    God:    Trog [******]
Gold:   2975       SH: 14    Dex: 12    Spells: 0 memorised, 17 levels left

rFire  . . .     SeeInvis .     x - +7 broad axe (vamp)
rCold  . . .     Gourm    .     M - +5 chain mail "Matevith" {-Cast rPois Regen+}
rNeg   . . .     Faith    .     h - +2 shield {reflect}
rPois  +         Spirit   +     (helmet unavailable)
rElec  .         Reflect  +     m - +0 cloak
rCorr  .         Harm     .     c - +3 pair of gauntlets of War {Slay+5}
MR     +....     Rnd*Tele +     J - +0 pair of boots
Stlth  .......... NoCast   +    n - amulet of guardian spirit
                                W - ring of magical power
                                q - +6 ring of strength

@: slowed, very heavily drained, very slow
A: retaliatory headbutt, claws 1, horns 3, talons 1, slimy green scales 1, thin
metallic scales 1, shaggy fur 1, teleportitis 1, subdued magic 2
a: Berserk, Trog's Hand, Brothers in Arms, Burn Spellbooks, Renounce Religion
}: 2/15 runes: decaying, serpentine


You were on level 1 of the Depths.
You worshipped Trog.
Trog was exalted by your worship.
You were hungry.

You visited 7 branches of the dungeon, and saw 33 of its levels.
You also visited: Labyrinth, Ice Cave and Volcano.

You collected 3544 gold pieces.
You spent 569 gold pieces at shops.

Inventory:

Hand Weapons
 a - a +0 war axe of flaming
 b - the +9 flail "Udaesorgh" {antimagic, rC+++ rN+++ Str-4 Int-4}
   (You found it on level 5 of the Lair of Beasts)

   It reduces the magical energy of the wielder, and disrupts the spells and
   magical abilities of those hit.
   Natural abilities and divine invocations are not affected.
   It affects your strength (-4).
   It affects your intelligence (-4).
   It renders you almost immune to cold.
   It renders you almost immune to negative energy.
 d - a +2 executioner's axe of flaming
 x - a +7 vampiric broad axe (weapon)
 L - a +5 antimagic battleaxe
Armour
 c - the +3 pair of gauntlets of War (worn) {Slay+5}
   (You acquired it on level 3 of the Lair of Beasts)

   It affects your accuracy and damage with ranged weapons and melee attacks
   (+5).
 h - a +2 shield of reflection (worn)
 m - a +0 cloak (worn)
 J - a +0 pair of boots (worn)
 M - the +5 chain mail "Matevith" (worn) {-Cast rPois Regen+}
   (You bought it in a shop on level 9 of the Dungeon)

   It protects you from poison.
   It prevents spellcasting.
   It increases your rate of regeneration.
Jewellery
 n - an amulet of guardian spirit (around neck)
 q - a +6 ring of strength (left hand)
 U - the ring "Ivikkus" {Ice *Drain +Inv SInv}
   (You found it on level 6 of the Lair of Beasts)

   [ring of ice]

   It enhances your ice magic.
   It makes you vulnerable to fire.
   It protects you from cold.
   It lets you see invisible.
   It lets you turn invisible.
   It causes draining when unequipped.
 W - a ring of magical power (right hand)
Wands
 p - a wand of acid (9/15)
 t - a wand of polymorph (7/24)
 y - a wand of iceblast (0/15)
 C - a wand of paralysis (15/24)
 E - a wand of heal wounds (1/9)
 Q - a wand of flame (38/48)
 Y - a wand of polymorph (2/24)
 Z - a wand of random effects (9/48)
Scrolls
 i - 5 scrolls of teleportation
 k - 3 scrolls of identify
 o - 6 scrolls of holy word
 r - 6 scrolls of blinking
 F - 6 scrolls of fear
 H - 2 scrolls of immolation
 O - 2 scrolls of brand weapon
 P - 14 scrolls of remove curse
 R - 4 scrolls of recharging
 S - 4 scrolls of fog
 V - 7 scrolls of enchant armour
Potions
 e - 17 potions of curing
 g - 2 potions of invisibility
 j - 3 potions of ambrosia
 s - a potion of heal wounds
 v - 2 potions of cure mutation
 w - 3 potions of might
 z - 5 potions of haste
 A - 2 potions of resistance
 B - 6 potions of flight
 D - 4 potions of brilliance
 G - 4 potions of magic
 K - 2 potions of cancellation
 X - 4 potions of agility
Miscellaneous
 T - a phial of floods
Comestibles
 f - 15 bread rations
 l - 2 chunks of flesh
 u - 11 meat rations
 I - a beef jerky


   Skills:
 + Level 16.1(7.3) Fighting
 * Level 21.1(11.4) Axes
 + Level 19.7(10.2) Armour
 - Level 15.0(6.4) Shields
 - Level 10.2(2.5) Evocations


You had 17 spell levels left.
You didn't know any spells.

Dungeon Overview and Level Annotations

Branches:
Dungeon (15/15)            Temple (1/1) D:4            Lair (6/6) D:11
  Swamp (4/4) Lair:3        Snake (4/4) Lair:4        Slime (0/5) Lair:5
    Orc (2/2) D:9             Elf (0/3) Orc:2        Vaults (0/5) D:13
 Depths (1/5) D:15

Altars:
Ashenzari
Cheibriados
Dithmenos
Elyvilon
Fedhas
Gozag
Hepliaklqana
Kikubaaqudgha
Makhleb
Nemelex Xobeh
Okawaru
Qazlal
Ru
Sif Muna
Trog
Uskayaw
Vehumet
Yredelemnul
Zin
The Shining One
Jiyva

Shops:
D:4 *   D:5 :   D:6 (   D:9 [([   D:14 }   Orc:2 }(?:   Snake:2 (

Portals:
Hell: Depths:1
Trove: D:13 (give 16 scrolls of teleportation)

Annotations:
D:7 1 runed door
D:13 1 runed door
Depths:1 the Enchantress


Innate Abilities, Weirdness & Mutations

You reflexively headbutt those who attack you in melee.
You have a pair of large horns on your head.
You have sharp fingernails.
You have sharp toenails.
You are partially covered in slimy green scales. (AC +2)
You are partially covered in thin metallic scales. (AC +2)
You are covered in fur. (AC +1)
You are occasionally teleported next to monsters.
Your spells are easier to cast, but less powerful.


Message History

You feel drained.
The Enchantress gestures wildly while chanting.
The Enchantress seems to speed up.
Your magical effects are unravelling.
You feel magically purged.
You feel yourself speed up.
You feel less confused.
You feel less vulnerable to hostile enchantments.
The spriggan defender hits you with a demon whip of draining!
* * * LOW HITPOINT WARNING * * *
You feel drained.
* * * LOW HITPOINT WARNING * * *
You block the Enchantress's attack.
The spriggan defender hits you with a demon whip of draining!!
* * * LOW HITPOINT WARNING * * *
You feel drained.
* * * LOW HITPOINT WARNING * * *
The Enchantress gestures at you while chanting.
You feel yourself slow down.
The spriggan defender hits you with a demon whip of draining!
You die...

................#....#
#.....≈≈...#....#...###
#....≈≈≈≈..##.)...≈...#
###.≈≈≈≈≈.. #......≈≈...
#...≈≈≈≈≈.# ##.......≈..
...≈≈≈≈≈≈(###..........i
.≈≈≈≈≈≈≈)))#.........Q..
..≈≈≈≈..i)#(.........ii.
#..≈≈..@i....≈≈≈.....ii.
##..≈........≈≈≈........
##.[........≈≈≈≈≈≈.....
#...##........≈≈§.....
#### #......≈.(§......
#......≈.i≈......
#.T....≈.........
.........#......
####..#..#


You could see the Enchantress, a spriggan defender and a friendly troll
(berserk).

Vanquished Creatures
  Mara (Snake:4)
  Bai Suzhen (Swamp:3)
  Vashnia (Snake:4)
  Nikola (Swamp:1)
  8 nagarajas
  A frost giant (D:12)
  Louise (Snake:4)
  2 spriggan defenders (Depths:1)
  A very ugly thing (Swamp:4)
  A spark wasp (D:14)
  4 fire dragons
  A minotaur (Lab)
  2 blizzard demons (IceCv)
  16 naga warriors
  Fannar (D:12)
  2 vault guards (D:13)
  19 hydras
  10 anacondas
  2 spriggan air magi (Depths:1)
  A ghost crab (Swamp:4)
  2 ogre magi (D:15)
  4 alligators
  2 tengu warriors (Depths:1)
  5 centaur warriors
  2 orc high priests (Orc:2)
  7 shock serpents (Snake:4)
  8 naga sharpshooters
  3 salamander mystics
  A hell knight (Volcano)
  3 skeletal warriors (D:13)
  A sea snake (Lair:6)
  3 naga ritualists (Snake:4)
  An unseen horror (D:12)
  5 lindwurms
  7 swamp dragons
  An orc knight (D:15)
  2 hill giants
  A harpy (Lair:6)
  A wolf spider zombie (D:15)
  An orc sorcerer (Orc:2)
  A deep elf mage (D:13)
  A mana viper (shapeshifter) (D:15)
  14 ugly things
  6 mana vipers
  2 cyclopes
  3 elephants (Lair:6)
  2 manticores
  A salamander (shapeshifter) (D:13)
  14 salamanders
  30 black mambas
  5 guardian serpents
  4 ice statues (IceCv)
  12 naga magi
  2 molten gargoyles (Volcano)
  3 centaur skeletons
  19 spiny frogs
  7 gargoyles
  2 tengu conjurers (Depths:1)
  2 anaconda simulacra (IceCv)
  2 golden dragon simulacra (IceCv)
  9 komodo dragons
  6 rime drakes
  An efreet (D:13)
  11 ice devils (IceCv)
  A guardian mummy (D:13)
  2 freezing wraiths (Swamp:4)
  5 polar bears (Lair:6)
  2 trolls (D:12)
  2 wind drakes (Lair:6)
  5 hornets
  A hornet (shapeshifter) (D:14)
  7 two-headed ogres
  14 blink frogs
  9 tyrant leeches
  16 slime creatures
  9 hippogriffs
  8 bog bodies
  2 redbacks (Lab)
  Sigmund (D:3)
  5 shadows
  2 spriggans
  A vampire (D:11)
  A dire elephant simulacrum (IceCv)
  2 water elementals (Depths:1)
  2 wraiths
  3 wyverns
  2 fire bats (Volcano)
  A basilisk (D:15)
  A steam dragon (Lair:5)
  29 yaks
  14 vampire mosquitoes
  9 mottled dragons
  12 insubstantial wisps
  2 harpy simulacra (IceCv)
  2 wargs
  A soldier ant (D:15)
  44 nagas
  16 swamp worms
  A floating eye (shapeshifter) (D:13)
  2 hydra simulacra (IceCv)
  9 water moccasins
  10 swamp drakes
  25 orc warriors
  9 porcupines
  A black bear (D:11)
  3 ice beasts
  4 sky beasts
  An ettin simulacrum (IceCv)
  A necrophage (D:10)
  3 phantoms
  9 wolves
  14 ogres
  An eye of draining (D:7)
  14 centaurs
  20 crocodiles
  The ghost of dscm the Magician, an amateur OpTm (D:6)
  2 big kobolds
  12 bullfrogs
  A water moccasin skeleton (D:8)
  A wyvern skeleton (D:13)
  12 scorpions
  15 killer bees
  2 vampire bats (Orc:1)
  2 howler monkeys
  5 lava snakes (Volcano)
  8 crimson imps
  2 bullfrog zombies
  3 jellies
  3 centaur zombies
  7 hounds
  26 orc priests
  6 bullfrog skeletons
  Jessica (D:2)
  2 iguanas
  28 orc wizards
  19 worker ants
  2 hound skeletons
  A howler monkey zombie (D:8)
  8 gnolls
  13 adders
  3 shadow imps
  A white imp (D:15)
  5 oozes
  3 adder skeletons
  2 worms
  2 dart slugs
  3 leopard geckos
  88 orcs
  11 giant cockroaches
  9 hobgoblins
  5 jackals
  12 kobolds
  4 quokkas
  20 bats
  2 frilled lizards
  15 goblins
  2 quokka skeletons
  A quokka zombie (D:6)
  7 rats
  A spectral orc (D:7)
  A butterfly (D:7)
  17 fungi
  13 plants
1064 creatures vanquished.

Vanquished Creatures (collateral kills)
  Asterion (Snake:2)
  A fire giant (Lair:6)
  The ghost of Milesaru the Severer, a journeyman MiBe of Trog (Orc:2)
  A fire dragon (Swamp:4)
  2 vault guards (D:13)
  A merfolk avatar (Lair:6)
  A sea snake (Lair:6)
  An unseen horror (D:15)
  2 swamp dragons (Swamp:4)
  A lindwurm (Swamp:4)
  An orc knight (D:15)
  3 orc sorcerers (Orc:2)
  An ugly thing (D:14)
  A naga mage (Snake:4)
  A black mamba (Snake:2)
  An efreet (D:15)
  A komodo dragon (Lair:6)
  A polar bear (Lair:6)
  A blink frog (Lair:6)
  4 slime creatures (Swamp:1)
  A wyvern (D:13)
  4 yaks (D:13)
  A steam dragon (Swamp:4)
  A naga (Snake:4)
  A warg (Orc:2)
  A swamp worm (Swamp:1)
  A water moccasin (Lair:6)
  An orc warrior (Orc:2)
  3 centaurs (D:13)
  A bullfrog (D:15)
  A crimson imp (D:13)
  An orc priest (Orc:2)
  An orc wizard (Orc:2)
  2 orcs (Orc:2)
47 creatures vanquished.

Vanquished Creatures (others)
  A hydra (Swamp:4)
  A naga sharpshooter (Snake:4)
  A naga ritualist (Snake:4)
  A tyrant leech (Swamp:4)
  A fire elemental (Swamp:4)
  A steam dragon (Swamp:4)
  A mottled dragon (Swamp:4)
  A swamp drake (Swamp:4)
  6 fungi
  17 plants
31 creatures vanquished.

Grand Total: 1142 creatures vanquished

Notes
Turn   | Place    | Note
-------+----------+-------------------------------------------
     0 | D:1      | Miant the Minotaur Fighter began the quest for the Orb.
     0 | D:1      | Reached XP level 1. HP: 19/19 MP: 0/0
    68 | D:1      | Reached XP level 2. HP: 27/27 MP: 1/1
   380 | D:1      | Reached XP level 3. HP: 32/33 MP: 2/2
   716 | D:2      | Found a faded altar of an unknown god.
   757 | D:2      | Noticed a bullfrog
   777 | D:2      | Found a bloodstained altar of Trog.
   777 | D:2      | Found an opulent altar of Gozag.
   965 | D:2      | Reached skill level 3 in Axes
  1266 | D:2      | Reached XP level 4. HP: 41/41 MP: 3/3
  1448 | D:2      | Noticed Jessica
  1449 | D:2      | Killed Jessica
  1721 | D:3      | Noticed Sigmund
  1728 | D:3      | Killed Sigmund
  1728 | D:3      | Reached skill level 5 in Fighting
  1728 | D:3      | Reached skill level 4 in Axes
  1728 | D:3      | Reached skill level 5 in Armour
  1728 | D:3      | Reached XP level 5. HP: 34/48 MP: 4/4
  1728 | D:3      | Reached XP level 6. HP: 40/56 MP: 5/5
  2349 | D:3      | Gained mutation: You have sharp toenails. [potion of mutation]
  2349 | D:3      | Gained mutation: Your mind is acute. (Int +2) [potion of mutation]
  2349 | D:3      | Gained mutation: You are covered in fur. (AC +1) [potion of mutation]
  2392 | D:4      | Found a deep blue altar of Sif Muna.
  2450 | D:4      | Reached skill level 5 in Axes
  2993 | D:4      | Found Wigus's General Store.
  3179 | D:4      | Reached XP level 7. HP: 63/63 MP: 6/6
  3182 | D:4      | Found a staircase to the Ecumenical Temple.
  3209 | Temple   | Entered the Ecumenical Temple
  3465 | D:2      | Became a worshipper of Trog the Wrathful
  3577 | D:4      | Reached skill level 6 in Axes
  3774 | D:4      | Identified the Almanac of the Escort and Transmigration
  3972 | D:5      | Entered Level 5 of the Dungeon
  4092 | D:5      | Reached * piety under Trog
  4092 | D:5      | Reached skill level 7 in Axes
  4159 | D:5      | Found Loifoph's Book Boutique.
  4665 | D:5      | Reached XP level 8. HP: 62/70 MP: 7/7
  5057 | D:6      | Noticed dscm's ghost (amateur OpTm)
  5060 | D:6      | Found Jekkuogg's Weapon Shop.
  5067 | D:6      | Killed dscm's ghost
  5067 | D:6      | Reached skill level 8 in Axes
  5129 | D:6      | Found a snail-covered altar of Cheibriados.
  5434 | D:6      | Reached skill level 9 in Axes
  5856 | D:6      | Reached skill level 10 in Armour
  5856 | D:6      | Reached XP level 9. HP: 52/75 MP: 8/8
  5939 | D:6      | Reached ** piety under Trog
  6140 | D:6      | Reached skill level 10 in Axes
  6300 | D:7      | Found a runed door.
  6322 | D:7      | Found a runed door.
  6846 | D:7      | Reached skill level 5 in Shields
  7114 | D:7      | Reached *** piety under Trog
  7414 | D:7      | Reached XP level 10. HP: 65/83 MP: 9/9
  7589 | D:7      | Found a basalt altar of Yredelemnul.
  8128 | D:8      | Reached skill level 11 in Axes
  8702 | D:8      | Reached **** piety under Trog
  9455 | D:9      | Found a staircase to the Orcish Mines.
  9455 | D:9      | Found Atwuskat's Armour Emporium.
  9455 | D:9      | Found Anakky's Weapon Emporium.
  9495 | D:9      | Bought the +5 chain mail "Matevith" {-Cast rPois Regen+} for 404 gold pieces
  9523 | D:9      | Found Voduw's Antique Armour Boutique.
  9725 | D:9      | Gained mutation: You are weak. (Str -2) [potion of mutation]
  9725 | D:9      | Lost mutation: You are weak. (Str -2) [potion of mutation]
  9725 | D:9      | Lost mutation: Your mind is acute. (Int +2) [potion of mutation]
 10357 | D:10     | Entered Level 10 of the Dungeon
 10691 | D:10     | Found a basalt altar of Yredelemnul.
 10749 | D:10     | Reached skill level 10 in Shields
 11068 | D:10     | Reached ***** piety under Trog
 11346 | D:11     | Reached skill level 12 in Axes
 11385 | D:11     | Noticed a gargoyle
 11393 | D:11     | Killed a gargoyle
 11393 | D:11     | Reached XP level 11. HP: 89/89 MP: 8/10
 11480 | D:11     | Noticed a cyan ugly thing
 11499 | D:11     | Killed a cyan ugly thing
 11787 | D:11     | Found a staircase to the Lair.
 12099 | Orc:1    | Entered Level 1 of the Orcish Mines
 12386 | Orc:1    | Found a flagged portal.
 12405 | Orc:1    | Received a gift from Trog
 12876 | Orc:2    | Entered Level 2 of the Orcish Mines
 13035 | Orc:2    | Received a gift from Trog
 13205 | Orc:2    | Found a staircase to the Elven Halls.
 13215 | Orc:2    | Noticed an orc sorcerer
 13221 | Orc:2    | Paralysed by an orc sorcerer for 4 turns
 13222 | Orc:2    | Killed an orc sorcerer
 13302 | Orc:2    | Noticed an orc high priest
 13319 | Orc:2    | Killed an orc high priest
 13783 | Orc:2    | Noticed an orc sorcerer
 13784 | Orc:2    | Noticed an orc sorcerer
 13786 | Orc:2    | Noticed an orc high priest
 13791 | Orc:2    | Noticed Milesaru's ghost (journeyman MiBe)
 13794 | Orc:2    | Noticed a sixfirhy
 13873 | Orc:2    | Killed an orc high priest
 13873 | Orc:2    | Reached skill level 13 in Axes
 13876 | Orc:2    | Killed an orc sorcerer
 13885 | Orc:2    | Noticed an orc sorcerer
 13888 | Orc:2    | Killed an orc sorcerer
 13888 | Orc:2    | Received a gift from Trog
 13897 | Orc:2    | Killed an orc sorcerer
 13910 | Orc:2    | Found Hariw's Magic Scroll Emporium.
 13910 | Orc:2    | Found Pesche Siemm's Book Emporium.
 13910 | Orc:2    | Found Zihug's Antique Weapon Shoppe.
 13913 | Orc:2    | Found Puntea Ekoa's Gadget Shoppe.
 13938 | Orc:2    | Killed Milesaru's ghost
 13938 | Orc:2    | Reached XP level 12. HP: 71/96 MP: 8/11
 14019 | Orc:2    | Bought a scroll of recharging for 95 gold pieces
 14019 | Orc:2    | Bought a scroll of identify for 20 gold pieces
 14019 | Orc:2    | Bought a scroll of identify for 20 gold pieces
 14019 | Orc:2    | Bought a scroll of remove curse for 30 gold pieces
 14256 | Lair:1   | Entered Level 1 of the Lair of Beasts
 14291 | Lair:1   | Found a labyrinth entrance.
 14304 | Lab      | Entered a labyrinth
 15088 | Lab      | Noticed a minotaur
 15095 | Lab      | Killed a minotaur
 15107 | Lab      | Identified the Handbook of the Blaze and Snow
 15141 | Lab      | Got an ichor-stained leather armour
 15144 | Lab      | Identified the +2 leather armour of Ytol {rPois rF- Int+4} (You found it in a labyrinth)
 15632 | Lair:1   | Noticed a five-headed hydra
 15645 | Lair:1   | Killed a one-headed hydra
 15803 | Lair:1   | Identified a +1 rod of inaccuracy (9/9) (You found it on level 1 of the Lair of Beasts)
 15918 | Lair:2   | Found a dark tunnel.
 15931 | Volcano  | Entered a volcano
 16568 | Volcano  | Found a burning altar of Makhleb.
 16575 | Volcano  | Reached skill level 14 in Axes
 16644 | Volcano  | Reached skill level 15 in Shields
 18001 | Lair:3   | Reached XP level 13. HP: 102/104 MP: 9/12
 18153 | Lair:3   | Got a crude hand axe
 18161 | Lair:3   | Identified the +4 hand axe "Kyachuopo" {protect, *Drain rC+ Dex+2} (You found it on level 3 of the Lair of Beasts)
 18242 | Lair:3   | Found a staircase to the Swamp.
 18451 | Lair:3   | Lost mutation: You are covered in fur. (AC +1) [potion of mutation]
 18451 | Lair:3   | Gained mutation: Your spells are a little easier to cast, but a little less powerful. [potion of mutation]
 19295 | Lair:4   | Found a staircase to the Snake Pit.
 19814 | Lair:5   | Reached skill level 15 in Armour
 19847 | Lair:5   | Reached skill level 15 in Axes
 19947 | Lair:5   | Found a viscous altar of Jiyva.
 19947 | Lair:5   | Found a staircase to the Slime Pits.
 20162 | Lair:5   | Reached skill level 1 in Evocations
 20517 | Lair:5   | Got a steaming flail
 20601 | Lair:5   | Identified the +9 flail "Udaesorgh" {antimagic, rC+++ rN+++ Str-4 Int-4} (You found it on level 5 of the Lair of Beasts)
 20892 | Lair:5   | Upgraded the game from 0.19.0-20-gbc5f0c6 to 0.19.0-22-gd96e5fe
 20924 | Lair:6   | Entered Level 6 of the Lair of Beasts
 21302 | Lair:6   | Noticed a dire elephant
 21306 | Lair:6   | Noticed a fire giant
 21306 | Lair:6   | a dire elephant changed into a fire giant
 21309 | Lair:6   | Killed a fire giant
 21635 | Lair:6   | Reached XP level 14. HP: 117/119 MP: 15/15
 21866 | Lair:6   | Reached skill level 10 in Fighting
 22226 | Lair:6   | Reached skill level 16 in Axes
 22364 | Lair:6   | Got a translucent bronze ring
 22375 | Lair:6   | Identified the ring "Ivikkus" {Ice *Drain +Inv SInv} (You found it on level 6 of the Lair of Beasts)
 22902 | D:12     | Noticed Fannar
 22927 | D:12     | Killed Fannar
 23183 | D:12     | Gained mutation: Armour fits poorly on your strangely shaped body. [mutagenic meat]
 23479 | D:12     | Noticed a frost giant
 23491 | D:12     | Killed a frost giant
 23491 | D:12     | Reached skill level 5 in Evocations
 23519 | D:12     | You fall through a shaft for 3 floors!
 23519 | D:15     | Entered Level 15 of the Dungeon
 23605 | D:14     | Received a gift from Trog
 23668 | D:14     | Got a smoking broad axe {god gift}
 23670 | D:14     | Identified the +3 broad axe of Accidental Termination {flame, rF- Int+2 Stlth+} (Trog gifted it to you on level 14 of the Dungeon)
 23683 | D:14     | Gained mutation: You have sharp fingernails. [mutagenic meat]
 24092 | D:13     | Lost mutation: You have sharp toenails. [mutagenic meat]
 24099 | D:13     | Gained mutation: You possess an exceptional clarity of mind. [mutagenic meat]
 24100 | D:13     | Gained mutation: You are frail. (-10% HP) [mutagenic meat]
 24102 | D:13     | Gained mutation: You are occasionally teleported next to monsters. [mutagenic meat]
 24103 | D:13     | Gained mutation: You have a pair of large horns on your head. [mutagenic meat]
 24112 | D:13     | Found a gate to the Vaults.
 24313 | D:13     | Found a runed door.
 24315 | D:13     | Noticed a fire giant
 24317 | D:13     | Noticed a sphinx
 24464 | D:13     | Paralysed by a floating eye for 4 turns
 24483 | D:13     | Lost mutation: You possess an exceptional clarity of mind. [potion of mutation]
 24483 | D:13     | Lost mutation: You are frail. (-10% HP) [potion of mutation]
 24672 | D:13     | Found a portal to a secret trove of treasure.
 25610 | D:14     | Found Padov's Gadget Boutique.
 25878 | D:14     | Gained mutation: You have sharp toenails. [mutagenic meat]
 26467 | D:14     | Reached XP level 15. HP: 99/132 MP: 14/19
 26634 | D:14     | Received a gift from Trog
 26648 | D:14     | Gained mutation: Your spells are easier to cast, but less powerful. [mutagenic meat]
 26688 | D:14     | Gained mutation: You are dopey. (Int -2) [mutagenic meat]
 26689 | D:14     | Lost mutation: You are dopey. (Int -2) [mutagenic meat]
 26690 | D:14     | Gained mutation: You are partially covered in slimy green scales. (AC +2) [mutagenic meat]
 26691 | D:14     | Lost mutation: Armour fits poorly on your strangely shaped body. [mutagenic meat]
 26778 | D:14     | Gained mutation: You are covered in fur. (AC +1) [mutagenic meat]
 26811 | D:15     | Reached skill level 17 in Axes
 26947 | D:15     | Found a staircase to the Depths.
 27330 | D:15     | Found a glowing golden altar of the Shining One.
 28025 | Lair:3   | Identified a scroll of acquirement
 28053 | Swamp:1  | Entered Level 1 of the Swamp
 28472 | Swamp:1  | Noticed Nikola
 28482 | Swamp:1  | Killed Nikola
 28482 | Swamp:1  | Received a gift from Trog
 28709 | Swamp:1  | Gained mutation: You are partially covered in thin metallic scales. (AC +2) [potion of beneficial mutation]
 29818 | Swamp:3  | Noticed Bai Suzhen
 29843 | Swamp:3  | Killed Bai Suzhen
 29843 | Swamp:3  | Reached XP level 16. HP: 135/144 MP: 19/21
 30491 | Swamp:4  | Entered Level 4 of the Swamp
 30518 | Swamp:4  | Reached skill level 18 in Axes
 30572 | Swamp:4  | Found a frozen archway.
 30588 | IceCv    | Entered an ice cave
 30808 | IceCv    | Reached ****** piety under Trog
 30979 | IceCv    | Got a faintly glowing hand axe
 30985 | IceCv    | Identified the +12 hand axe of the Eternal Void {chop, rC+ Dex+2} (You found it in an ice cave)
 30995 | IceCv    | Got a fine shortbow
 30996 | IceCv    | Identified the +8 shortbow of Dominance {venom, rF++ rC+ Dex-4} (You found it in an ice cave)
 31201 | Swamp:4  | Received a gift from Trog
 31514 | Swamp:4  | Got a decaying rune of Zot
 32026 | Snake:1  | Entered Level 1 of the Snake Pit
 32346 | Snake:1  | Reached skill level 10 in Evocations
 33195 | Snake:2  | Found Jasinir's Weapon Shop.
 33228 | Snake:2  | Received a gift from Trog
 33296 | Snake:2  | Noticed Asterion
 33304 | Snake:2  | Killed Asterion
 33784 | Snake:3  | Reached skill level 19 in Axes
 33828 | Snake:3  | Reached XP level 17. HP: 154/154 MP: 23/23
 33915 | Snake:3  | Received a gift from Trog
 34463 | Snake:4  | Entered Level 4 of the Snake Pit
 34537 | Snake:4  | Noticed Louise
 34545 | Snake:4  | Killed Louise
 34550 | Snake:4  | Noticed Mara
 34564 | Snake:4  | Killed Mara
 34564 | Snake:4  | Reached skill level 15 in Fighting
 35007 | Snake:4  | Reached skill level 20 in Axes
 35026 | Snake:4  | Received a gift from Trog
 35089 | Snake:4  | Noticed Vashnia
 35205 | Snake:4  | Killed Vashnia
 35475 | Snake:4  | Got a serpentine rune of Zot
 35523 | Snake:4  | Reached XP level 18. HP: 166/166 MP: 24/24
 35834 | Depths:1 | Entered Level 1 of the Depths
 35834 | Depths:1 | Found a gateway to Hell.
 35852 | Depths:1 | Reached skill level 21 in Axes
 36386 | Depths:1 | Noticed the Enchantress
 36441 | Depths:1 | HP: 5/166 [spriggan defender/demon whip of draining[the Enchantress] (5)]
 36441 | Depths:1 | Slain by a spriggan defender

Skill      XL: |  1  2  3  4  5  6  7  8  9 10 11 12 13 14 15 16 17 18 |
---------------+-------------------------------------------------------+-----
Fighting       | 4 5 6 9 11 13 14 15 16 | 16.1
Armour         | 4 5 6 8 10 11 12 13 14 15 16 17 18 19 | 19.7
Axes           | 3 4 5 7 9 10 12 13 14 15 16 17 19 20 21 | 21.1
Shields        | 7 10 13 15 | 15.0
Evocations     | 3 6 8 10 | 10.2

Action                   |  1- 3 |  4- 6 |  7- 9 | 10-12 | 13-15 | 16-18 || total
-------------------------+-------+-------+-------+-------+-------+-------++-------
Melee: War axe           |   117 |   140 |   379 |  1004 |  1107 |   185 ||  2932
       Headbutt          |    11 |    18 |    71 |   224 |   341 |   227 ||   892
       Kick              |       |    21 |   104 |   329 |   202 |       ||   656
       Hand axe          |       |       |       |       |    18 |       ||    18
       Flail             |       |       |       |       |    42 |       ||    42
       Broad axe         |       |       |       |       |   163 |   573 ||   736
Throw: Javelin           |       |       |     9 |     2 |       |       ||    11
Invok: Burn Spellbooks   |       |       |     2 |     6 |     2 |     3 ||    13
       Berserk           |       |       |     1 |     8 |    12 |     1 ||    22
       Brothers in Arms  |       |       |       |     4 |     6 |     5 ||    15
Evoke: Wand              |       |       |     2 |     7 |    47 |    17 ||    73
       Sack of spiders   |       |       |       |     1 |       |       ||     1
       Rod               |       |       |       |     3 |       |       ||     3
       Phial of floods   |       |       |       |       |     3 |     1 ||     4
  Use: Scroll            |     4 |     8 |     3 |    18 |    14 |     7 ||    54
       Potion            |       |     6 |     3 |     5 |    12 |     2 ||    28
 Stab: Held in net/web   |       |       |     1 |       |       |       ||     1
       Distracted        |       |       |       |     1 |     1 |     2 ||     4
       Invisible         |       |       |       |     1 |       |       ||     1
       Paralysed         |       |       |       |     5 |     5 |       ||    10
  Eat: Chunk             |     1 |     3 |    13 |    39 |    60 |     4 ||   120
       Meat ration       |       |     1 |       |       |       |     5 ||     6
       Beef jerky        |       |       |       |     2 |     4 |     3 ||     9
       Royal jelly       |       |       |       |     1 |       |       ||     1
       Pizza             |       |       |       |     1 |       |       ||     1
       Bread ration      |       |       |       |       |     1 |       ||     1
       Fruit             |       |       |       |       |     3 |       ||     3
Armor: Scale mail        |    66 |    26 |       |       |       |       ||    92
       Chain mail        |       |    21 |   168 |   368 |   527 |   503 ||  1587
       Skin              |       |       |    10 |    15 |    19 |       ||    44
Dodge: Dodged            |    40 |    24 |    62 |   203 |   339 |   222 ||   890
Block: Shield            |    76 |    59 |   172 |   518 |   821 |   591 ||  2237
       Reflection        |       |       |       |       |       |    63 ||    63
